 Dungeon Crawl Stone Soup version 0.31.0-11-ge490571c62 (webtiles) character file.

Game seed: 5049127374228905109

1185 dialectric the Cudgeller (level 8, -6/70 HPs)
             Began as a Minotaur Delver on Jan 29, 2024.
             Killed from afar by Blork the orc (7 damage)
             ... with a puff of frost
             ... on level 5 of the Dungeon.
             The game lasted 00:07:38 (4453 turns).

dialectric the Cudgeller (Minotaur Delver)          Turns: 4453, Time: 00:07:38

Health: -6/70      AC:  3    Str: 19    XL:     8   Next: 19%
Magic:  7/7        EV: 15    Int:  7    God:
Gold:   342        SH:  0    Dex: 18    Spells: 7/7 levels left

rFire   + . .        A - +2 dagger (drain)
rCold   . . .        (no shield)
rNeg    . . .        m - +0 leather armour {rF+}
rPois   .            (helmet restricted)
rElec   .            (no cloak)
rCorr   .            (no gloves)
SInv    .            (no boots)
Will    .....        (no amulet)
Stlth   +++          y - ring of flight
HPRegen 0.31/turn    t - +6 ring of dexterity
MPRegen 0.10/turn

%: no passive effects
@: flying, hasted, very quick
A: horns 2, retaliatory headbutt
a: no special abilities


You were on level 5 of the Dungeon.
You visited 1 branch of the dungeon, and saw 6 of its levels.

You collected 342 gold pieces.

Inventory:

Hand Weapons
 a - a +0 mace
 e - a +0 whip
 A - a +2 dagger of draining (weapon)
 H - a +0 flail of draining
Missiles
 i - a throwing net
 r - a curare-tipped dart (quivered)
Armour
 b - a +0 leather armour
 h - a +2 tower shield
 m - a +0 leather armour of fire resistance (worn)
Jewellery
 k - a ring of wizardry
 o - a +6 ring of intelligence
 t - a +6 ring of dexterity (right hand)
 y - a ring of flight (left hand)
 E - a ring of see invisible
 F - a ring of wizardry
Wands
 g - a wand of digging (3)
 l - a wand of polymorph (7)
 C - a wand of flame (9)
Scrolls
 c - 2 scrolls of fog
 d - a scroll of revelation
 n - 4 scrolls of identify {unknown}
 q - 4 scrolls of teleportation
 s - a scroll of noise {unknown}
 v - a scroll of enchant armour {unknown}
 w - a scroll of immolation {unknown}
 z - a scroll of poison {unknown}
 B - a scroll of silence {unknown}
 D - 2 scrolls of amnesia {unknown}
Potions
 j - 2 potions of might
 p - a potion of berserk rage {unknown}
 u - 2 potions of attraction {unknown}
 x - 2 potions of mutation {unknown}
 G - a potion of enlightenment {unknown}


   Skills:
 + Level 6.0 Fighting
 - Level 3.0 Short Blades
 - Level 6.1 Maces & Flails
 + Level 5.4 Armour
 + Level 5.7 Dodging
 - Level 4.1 Stealth
 + Level 0.2 Evocations


You had 7 spell levels left.
You didn't know any spells.
Your spell library contained the following spells:

 Spells                   Type           Power      Damage    Failure   Level
 Freeze                   Ice            0%         1d3       47%         1
 Frozen Ramparts          Ice            0%         1d1       85%         3
 Hailstorm                Conj/Ice       0%         3d5       85%         3
 Stone Arrow              Conj/Erth      0%         3d7       85%         3
 Animate Armour           Summ/Erth      0%         N/A       99%         4
 Lehudib's Crystal Spear  Conj/Erth      0%         10d2      100%        8


Dungeon Overview and Level Annotations

Branches:
Dungeon (6/15)
 Temple: D:4-7

Altars:
Makhleb
Okawaru
Qazlal
Vehumet
Zin

Shops:
D:3 (   D:4 :

Annotations:
D:3 Grinder
D:5 Blork the orc


Innate Abilities, Weirdness & Mutations

You have a pair of horns on your head.
You reflexively headbutt those who attack you in melee.


Message History

The bullfrog is heavily wounded.
Blork the orc gestures at you while chanting.
The magic dart hits you.
* * * LOW HITPOINT WARNING * * *
The bullfrog completely misses you. Blork the orc barely misses you.
Unknown command.
You hit the bullfrog. You drain the bullfrog.
The bullfrog is severely wounded.
The bullfrog barely misses you. You furiously retaliate!
You headbutt the bullfrog.
You kill the bullfrog!
Blork the orc closely misses you.
Your Fighting skill increases to level 6!
You hit Blork the orc but do no damage. You drain Blork the orc.
You punch Blork the orc.
Blork the orc is moderately wounded.
Blork the orc points at you and mumbles some strange words.
The puff of flame hits you. You resist.
* * * LOW HITPOINT WARNING * * *
You hit Blork the orc but do no damage.
Blork the orc is moderately wounded.
Blork the orc gestures at you while chanting.
The puff of frost hits you.
* * * LOW HITPOINT WARNING * * *
Blork the orc gestures at you while chanting.
The magic dart hits you!
* * * LOW HITPOINT WARNING * * *
You feel yourself speed up.
Blork the orc points at you and mumbles some strange words.
The magic dart hits you.
* * * LOW HITPOINT WARNING * * *
The iguana barely misses you.
Unknown command.
Blork the orc attacks as he pursues you!
Blork the orc hits you with a +0 mace.
* * * LOW HITPOINT WARNING * * *
Unknown command.
Blork the orc casts a spell at you. The puff of frost hits you!
You die...

#.##.#.......######.###.# #..g.g
#.##.#........>.........# ######
#.##.##........†.#..##..# #
#.##.##............###..# #
#.##.##............###..# #
#.##....................# #
#.##..#........lo#.###.#########
#.##..#.........................
#.....#........@######.#########
###.....)..............#
#.#<.###.####..#######
#.#..###.## #..#
#.#.......###..#
####.#....#.#.##..#
.....#...##..#.#..#
.#####.......<....# .#
##..#.#.####.#


You could see Blork the orc (fast, very drained) and an iguana.

Vanquished Creatures
  Sigmund (D:3)
  2 ogres
  A centaur (D:5)
  A bullfrog (D:5)
  2 kobold brigands (D:6)
  A scorpion (D:5)
  A bombardier beetle (D:3)
  3 orc priests
  3 hounds
  A sleepcap (D:4)
  3 orc wizards
  Robin (D:3)
  2 gnolls (D:5)
  6 adders
  3 dart slugs
  A ribbon worm (D:3)
  14 orcs
  6 ball pythons
  3 bats
  6 endoplasms
  3 giant cockroaches
  14 goblins
  10 hobgoblins
  8 jackals
  A quokka (D:5)
  7 frilled lizards
  13 kobolds
  4 rats
121 creatures vanquished.

Notes
Turn   | Place    | Note
-------+----------+-------------------------------------------
     0 | D:5      | dialectric the Minotaur Delver began the quest for the Orb.
     0 | D:5      | Reached XP level 1. HP: 19/19 MP: 0/0
   188 | D:4      | Reached XP level 2. HP: 19/27 MP: 1/1
   221 | D:3      | Noticed Sigmund
   222 | D:3      | Noticed a bombardier beetle
   526 | D:4      | Found Tijollol's Tremendous Tomes.
   569 | D:4      | Reached skill level 1 in Armour
   569 | D:4      | Reached XP level 3. HP: 32/33 MP: 2/2
   806 | D:3      | Found Hudaa's Weapon Shop.
   828 | D:3      | Noticed Robin
   843 | D:3      | Killed Robin
   844 | D:3      | Reached XP level 4. HP: 3/40 MP: 3/3
  1695 | D:1      | Reached XP level 5. HP: 46/46 MP: 4/4
  2268 | D:3      | Found a stormy altar of Qazlal.
  2268 | D:3      | Found an iron altar of Okawaru.
  2271 | D:3      | Found a glowing silver altar of Zin.
  2449 | D:3      | Noticed Grinder
  2505 | D:3      | Killed Sigmund
  2506 | D:3      | Reached skill level 5 in Maces & Flails
  2506 | D:3      | Reached XP level 6. HP: 34/52 MP: 5/5
  3318 | D:5      | Reached skill level 1 in Short Blades
  3321 | D:5      | Reached XP level 7. HP: 60/60 MP: 6/6
  3662 | D:5      | Reached skill level 5 in Dodging
  3823 | D:5      | Reached skill level 5 in Fighting
  3971 | D:6      | Found a radiant altar of Vehumet.
  3971 | D:6      | Found a burning altar of Makhleb.
  4167 | D:6      | Reached skill level 5 in Armour
  4191 | D:6      | Reached XP level 8. HP: 21/69 MP: 7/7
  4421 | D:6      | Noticed Blork the orc
  4448 | D:5      | HP: 1/70 [Blork the orc/magic dart (6)]
  4453 | D:5      | Killed from afar by Blork the orc

Illustrated notes

Levels and vault maps discovered:
D:1:      psy_arrival_spokes, layout_loops_ring, minmay_tiny_reverse_x
D:2:      layout_basic
D:3:      layout_loops_ring, gammafunk_temple_overflow_forgotten, serial_shops,
          nicolae_shop_competitors_out_of_business, uniq_robin, uniq_sigmund,
          uniq_grinder
D:4:      layout_basic, serial_bayou, serial_bayou_shore_b, serial_bayou_lake_a,
          serial_bayou_pond_e, serial_bayou_ford_a,
          nicolae_shop_i_like_big_books
D:5:      layout_loops_ring
D:6:      layout_cave_pools, mainiacjoe_overflow_concentric_impassable,
          ashenzari_conservatory_becter, fiery_altar_vehumet, uniq_blork_the_orc

Skill      XL: |  1  2  3  4  5  6  7  8 |
---------------+-------------------------+-----
Fighting       | 4 5 6 |  6.0
Maces & Flails | 3 5 6 |  6.1
Armour         | 1 2 3 4 5 |  5.4
Dodging        | 3 4 5 |  5.7
Short Blades   | 1 3 |  3.0
Stealth        | |  4.1
Evocations     | |  0.2

Action                     |  1- 3 |  4- 6 |  7- 9 || total
---------------------------+-------+-------+-------++-------
  Melee: Mace              |    55 |   101 |       ||   156
         Headbutt          |     6 |    20 |    20 ||    46
         Punch             |     1 |     1 |     1 ||     3
         Dagger            |       |    40 |    86 ||   126
  Evoke: Wand              |       |       |     2 ||     2
    Use: Potion            |       |       |     7 ||     7
         Scroll            |       |       |     2 ||     2
   Stab: Sleeping          |     4 |    13 |     3 ||    20
 Armour: Leather armour    |    36 |    59 |   102 ||   197
  Dodge: Dodged            |    34 |    77 |    71 ||   182
